AoeStats
← GreatPerson25

African Clearing

510358693Analyzed
4v4 RM · 2d ago on Sep 30, 2026· 44m 4s· 8 players
Game mode
Random Map
Map size
Large (8 player)
Population
200
Speed
Normal
Resources
Standard
Victory
Conquest
Starting age
Dark Age
Ending age
Imperial Age
RankedLock teamsTeams togetherTeam positionsShared explorationLock speedFull tech treeHidden civsTurbo modeCheats
Victory
Defeat
🇺🇸 Jurchens · United States
1435
+9
🇮🇳 Gurjaras · India
1324
+14
🇺🇸 Varangians · United States
1287
+15
🇪🇪 Mapuche · Estonia
1264
+17
🇳🇴 Hindustanis · Norway
1287
-14
🇫🇷 Mongols · France
1286
-14
1274
-14
🇨🇱 Malians · Chile
1248
-13
Cryptomage
3:47 Loom
14:52 Feudal Age
22:04 Double-Bit Axe
22:02 Horse Collar
25:24 Fletching
32:59 Castle Age
31:17 Padded Archer Armor
33:04 Crossbowman
35:49 Husbandry
35:46 Bodkin Arrow
43:55 Thumb Ring
Arkh
12:12 Feudal Age
12:28 Loom
12:41 Double-Bit Axe
13:00 Horse Collar
12:43 Man-at-Arms
15:15 Scale Mail Armor
17:08 Forging
21:28 Arson
27:58 Castle Age
26:18 Gold Mining
28:53 Squires
28:24 Long Swordsman
29:37 Chain Mail Armor
31:03 Pikeman
32:25 Scale Barding Armor
33:28 Iron Casting
33:12 Husbandry
39:00 Chain Barding Armor
KRYPTAERNN
3:35 Loom
13:07 Feudal Age
13:49 Man-at-Arms
36:48 Castle Age
37:13 Bloodlines
西貢蘇tszxxx怒插慈雲山傻尻
13:07 Feudal Age
13:49 Loom
17:16 Castle Age
15:18 Double-Bit Axe
17:27 Wheelbarrow
20:19 Squires
19:41 Champi Runner
32:38 Redemption
nikhdy
6:38 Loom
16:53 Feudal Age
21:58 Double-Bit Axe
27:43 Castle Age
31:55 Bow Saw
35:28 Wheelbarrow
35:07 Horse Collar
39:56 Hand Cart
40:03 Husbandry
40:11 Scale Barding Armor
41:10 Bloodlines
41:13 Forging
44:32 Chain Barding Armor
GreatPerson25
9:21 Loom
12:02 Feudal Age
12:30 Double-Bit Axe
22:06 Scale Barding Armor
22:35 Bloodlines
22:58 Forging
23:25 Horse Collar
28:17 Castle Age
30:07 Chain Barding Armor
29:09 Light Cavalry
29:51 Husbandry
36:33 Heavy Plow
36:45 Bow Saw
38:40 Chain Barding Armor
44:03 Wheelbarrow
46:53 Imperial Age
Blegh
5:18 Loom
10:03 Loom
13:04 Feudal Age
15:39 Scale Barding Armor
19:04 Horse Collar
22:58 Double-Bit Axe
26:21 Castle Age
24:42 Stone Mining
26:20 Wheelbarrow
27:26 Bow Saw
27:28 Gold Mining
30:30 Forging
30:24 Husbandry
33:44 Town Watch
35:28 Forging
37:19 Bloodlines
38:53 Iron Casting
40:31 Chain Barding Armor
42:21 Hand Cart
47:11 Imperial Age
Xena
10:16 Loom
13:36 Feudal Age
17:09 Castle Age
15:45 Fletching
17:51 Bodkin Arrow
22:55 Double-Bit Axe
25:59 Padded Archer Armor
33:52 Leather Archer Armor
38:11 Ballistics
41:39 Bow Saw
Connection lost

Rejoining the realm…

Still unreachable

The connection could not be restored.

Session expired

The server has moved on; the page needs a fresh start.